 Dungeon Crawl Stone Soup version 0.27.1-33-g824d729ab1 (webtiles) character file.

Game seed: 9409704128896569247

4121 zeram the Reanimator (level 10, -7/74 HPs)
             Began as a Gnoll Necromancer on Dec 30, 2021.
             Mangled by Erolcha (25 damage)
             ... on level 9 of the Dungeon.
             The game lasted 00:35:25 (13120 turns).

zeram the Reanimator (Gnoll Necromancer)           Turns: 13120, Time: 00:35:26

Health: -7/74      AC:  5    Str:  7    XL:     10   Next: 27%
Magic:  13/29      EV: 14    Int: 18    God:
Gold:   59         SH:  5    Dex: 13    Spells: 3/23 levels left

rFire    + + .     SeeInvis .   m - +5 spear "Jiloanue" {venom, +Rage rF+ Will+}
rCold    . . .     Faith    .   d - +0 buckler
rNeg     . . .     Spirit   .   c - +0 robe {rF+}
rPois    .         Reflect  .   n - +0 helmet
rElec    .         Harm     .   (no cloak)
rCorr    .         Rampage  .   (no gloves)
Will     ++...                  f - +1 pair of boots
Stlth    +++.......             (no amulet)
HPRegen  0.22/turn              r - ring of willpower
MPRegen  0.21/turn              i - ring of magical power

@: no status effects
A: fangs 1, strong nose, distributed training
a: Evoke Berserk Rage


You were on level 9 of the Dungeon.
You visited 2 branches of the dungeon, and saw 10 of its levels.
You also visited: Sewer.

You collected 298 gold pieces.
You spent 239 gold pieces at shops.

Inventory:

Hand Weapons
 g - a +1 dagger of protection
 m - the +5 spear "Jiloanue" (weapon) {venom, +Rage rF+ Will+}
   (You bought it in a shop on level 6 of the Dungeon)

   It poisons the flesh of those it strikes.
   rF:        It protects you from fire.
   +Rage:     It lets you go berserk.
   Will:      It increases your willpower.
Missiles
 e - 20 poisoned darts
 t - 2 throwing nets
Armour
 c - a +0 robe of fire resistance (worn)
 d - a +0 buckler (worn)
 f - a +1 pair of boots (worn)
 j - a +0 robe of willpower
 n - a +0 helmet (worn)
Jewellery
 i - a ring of magical power (right hand)
 r - a ring of willpower (left hand)
Wands
 o - a wand of acid (14) (quivered)
 v - a wand of iceblast (6)
Scrolls
 a - a scroll of enchant weapon
 k - 4 scrolls of teleportation
 l - 2 scrolls of amnesia
 u - 2 scrolls of fear
 w - a scroll of identify
 x - a scroll of magic mapping
Potions
 b - a potion of brilliance
 h - 2 potions of curing
 p - 2 potions of cancellation
 q - 3 potions of flight
 z - a potion of lignification


   Skills:
 + Level 5.1 Fighting
 + Level 5.1 Short Blades
 + Level 5.1 Long Blades
 + Level 5.1 Axes
 + Level 5.1 Maces & Flails
 + Level 5.1 Polearms
 + Level 5.1 Staves
 + Level 5.1 Slings
 + Level 5.1 Bows
 + Level 5.1 Crossbows
 + Level 5.1 Throwing
 + Level 5.1 Armour
 + Level 6.9 Dodging
 + Level 6.7 Stealth
 + Level 5.1 Shields
 + Level 5.1 Unarmed Combat
 + Level 7.2 Spellcasting
 + Level 4.2 Conjurations
 + Level 4.2 Hexes
 + Level 4.2 Summonings
 + Level 8.3 Necromancy
 + Level 4.2 Translocations
 + Level 4.2 Transmutations
 + Level 4.2 Fire Magic
 + Level 4.2 Ice Magic
 + Level 4.2 Air Magic
 + Level 4.2 Earth Magic
 + Level 4.2 Poison Magic
 + Level 5.6 Invocations
 + Level 5.1 Evocations


You had 3 spell levels left.
You knew the following spells:

 Your Spells              Type           Power      Damage    Failure   Level
a - Pain                  Necr           100%       1d9       1%          1
b - Vampiric Draining     Necr           18%        2d8       1%          3
c - Call Canine Familiar  Summ           21%        N/A       5%          3
d - Agony                 Necr           36%        N/A       10%         5
e - Magic Dart            Conj           84%        1d7       1%          1
f - Frozen Ramparts       Ice            42%        1d6       5%          3
g - Searing Ray           Conj           42%        3d4       2%          2
h - Poisonous Vapours     Pois/Air       42%        N/A       2%          2

Your spell library contained the following spells:

 Spells                   Type           Power      Damage    Failure   Level
 Animate Skeleton         Necr           72%        N/A       1%          1
 Freeze                   Ice            84%        1d10      1%          1
 Shock                    Conj/Air       84%        1d8       1%          1
 Sting                    Tmut/Pois      84%        1d7       1%          1
 Summon Small Mammal      Summ           84%        N/A       1%          1
 Static Discharge         Conj/Air       21%        N/A       2%          2
 Summon Guardian Golem    Hex/Summ       21%        N/A       5%          3
 Swiftness                Air            21%        N/A       5%          3
 Animate Dead             Necr           18%        N/A       3%          4
 Dispel Undead            Necr           36%        3d15      3%          4
 Airstrike                Air            10%        N/A       19%         4
 Fulminant Prism          Conj/Hex       10%        3d9       19%         4
 Hailstorm                Conj/Ice       21%        3d6       19%         4
 Olgreb's Toxic Radiance  Pois           21%        N/A       19%         4
 Sticky Flame             Conj/Fire      21%        2d4       19%         4


Dungeon Overview and Level Annotations

Branches:
Dungeon (9/15)             Temple (1/1) D:5           Sewer (visited)
   Lair: D:8-11         Orc: D:9-12

Altars:
Ashenzari
Cheibriados
Elyvilon
Fedhas
Gozag
Hepliaklqana
Kikubaaqudgha
Makhleb
Nemelex Xobeh
Okawaru
Qazlal
Ru
Trog
Vehumet
Wu Jian
Xom
Yredelemnul
Zin
The Shining One

Shops:
D:6 (*[[

Annotations:
D:8 Grum, Harold
D:9 Erolcha


Innate Abilities, Weirdness & Mutations

You have very sharp teeth.
Your uncanny sense of smell can sniff out nearby items.
Your experience applies equally to all skills.


Message History

Aim: Erolcha, wielding a +0 giant spiked club, wearing a +0 robe and carrying a wand of flame (22) (about 23% to evade the +5 spear "Jiloanue")
You reach to attack!
You hit Erolcha.
Erolcha is poisoned.
Erolcha is lightly wounded.
You hit Erolcha.
Erolcha looks as sick as possible!
Erolcha is lightly wounded.
Erolcha misses you.
You hit Erolcha.
Erolcha looks as sick as possible!
Erolcha is lightly wounded.
Erolcha mumbles some strange words.
Erolcha flickers and vanishes!
You hit something. Something hits you!!
Casting: Vampiric Draining (safe; 1% risk of failure)
Confirm with . or Enter, or press ? or * to list all spells.
You don't know that spell.
Unknown command.
Casting: Vampiric Draining (safe; 1% risk of failure)
Confirm with . or Enter, or press ? or * to list all spells.
You can't see any susceptible monsters within range! (Use Z to cast anyway.)
Casting: Vampiric Draining (safe; 1% risk of failure)
Confirm with . or Enter, or press ? or * to list all spells.
You don't know that spell.
Casting: Vampiric Draining (safe; 1% risk of failure)
Confirm with . or Enter, or press ? or * to list all spells.
Okay, then.
Casting: Vampiric Draining (safe; 1% risk of failure)
Confirm with . or Enter, or press ? or * to list all spells.
Aiming: Vampiric Draining (safe; 1% risk of failure)
Press: ? - help, Shift-Dir - straight line You draw life force from something!
You feel life coursing into your body. Something hits you!
Casting: Vampiric Draining (safe; 1% risk of failure)
Confirm with . or Enter, or press ? or * to list all spells.
Aiming: Vampiric Draining (safe; 1% risk of failure)
Press: ? - help, Shift-Dir - straight line You draw life force from something!
You feel life coursing into your body. Something hits you!!
* * * LOW HITPOINT WARNING * * *
Unknown command.
You feel better. Something hits you!!
You die...

.################
................#
##'###.#######.#
##.
#...<####.#....#
#...{@...........
+.########..##...
#.# ..... #..
..#.#. #.. ..#.#
... ..#∆. .. #.#
.


There were no monsters in sight!

Vanquished Creatures
  6 yaks
  Eustachio (D:5)
  A steam dragon (D:9)
  Edmund (D:5)
  A water moccasin (D:6)
  An ice beast (D:5)
  A sky beast (D:6)
  An orc warrior (D:5)
  A black bear (D:6)
  A necrophage (D:7)
  A hornet zombie (D:7)
  2 wolves (D:8)
  2 centaurs
  A phantom (D:5)
  2 kobold brigands
  A bullfrog (D:8)
  3 scorpions
  2 water moccasin zombies
  2 killer bees (D:8)
  4 wights (D:7)
  A howler monkey (D:5)
  A bullfrog zombie (D:7)
  2 orc priests
  2 bullfrog skeletons
  A gnoll shaman (D:6)
  5 hounds
  2 jellies
  Jessica (D:2)
  2 orc wizards
  2 iguanas
  A hound zombie (D:5)
  3 hound skeletons
  A howler monkey skeleton (D:5)
  5 gnolls (D:6)
  13 adders
  6 river rats
  A shadow imp (D:6)
  A white imp (D:6)
  7 worms
  3 dart slugs
  18 orcs
  13 ball pythons
  6 endoplasms
  15 giant cockroaches
  5 goblins
  5 hobgoblins
  6 jackals
  2 quokkas
  A bat (D:2)
  2 frilled lizards
  18 kobolds
  7 rats
193 creatures vanquished.

Vanquished Creatures (collateral kills)
  A black bear (D:5)
  A phantom (D:5)
  An adder (D:6)
3 creatures vanquished.

Vanquished Creatures (others)
  A yak (D:9)
1 creature vanquished.

Grand Total: 197 creatures vanquished

Notes
Turn   | Place    | Note
-------+----------+-------------------------------------------
     0 | D:1      | zeram the Gnoll Necromancer began the quest for the Orb.
     0 | D:1      | Reached XP level 1. HP: 13/13 MP: 6/6
   173 | D:1      | Reached XP level 2. HP: 8/19 MP: 4/7
   572 | D:1      | Found a faded altar of an unknown god.
   830 | D:1      | Reached XP level 3. HP: 25/25 MP: 9/9
  1079 | D:1      | Reached skill level 5 in Spellcasting
  1454 | D:2      | Reached skill level 1 in Invocations
  1485 | D:2      | Reached skill level 1 in Fighting
  1485 | D:2      | Reached skill level 1 in Short Blades
  1485 | D:2      | Reached skill level 1 in Long Blades
  1485 | D:2      | Reached skill level 1 in Axes
  1485 | D:2      | Reached skill level 1 in Maces & Flails
  1485 | D:2      | Reached skill level 1 in Polearms
  1485 | D:2      | Reached skill level 1 in Staves
  1485 | D:2      | Reached skill level 1 in Slings
  1485 | D:2      | Reached skill level 1 in Bows
  1485 | D:2      | Reached skill level 1 in Crossbows
  1485 | D:2      | Reached skill level 1 in Throwing
  1485 | D:2      | Reached skill level 1 in Armour
  1485 | D:2      | Reached skill level 1 in Shields
  1485 | D:2      | Reached skill level 1 in Unarmed Combat
  1485 | D:2      | Reached skill level 1 in Evocations
  1839 | D:2      | Reached XP level 4. HP: 29/32 MP: 9/11
  2002 | D:2      | Reached skill level 1 in Conjurations
  2002 | D:2      | Reached skill level 1 in Hexes
  2002 | D:2      | Reached skill level 1 in Summonings
  2002 | D:2      | Reached skill level 1 in Translocations
  2002 | D:2      | Reached skill level 1 in Transmutations
  2002 | D:2      | Reached skill level 1 in Fire Magic
  2002 | D:2      | Reached skill level 1 in Ice Magic
  2002 | D:2      | Reached skill level 1 in Air Magic
  2002 | D:2      | Reached skill level 1 in Earth Magic
  2002 | D:2      | Reached skill level 1 in Poison Magic
  2240 | D:2      | Noticed Jessica
  2743 | D:2      | Killed Jessica
  2744 | D:2      | Reached XP level 5. HP: 30/37 MP: 5/12
  2840 | D:2      | Learned a level 3 spell: Vampiric Draining
  2844 | D:2      | Learned a level 3 spell: Call Canine Familiar
  3239 | D:3      | Learned a level 5 spell: Agony
  3990 | D:4      | Reached XP level 6. HP: 30/44 MP: 1/13
  4012 | D:4      | HP: 2/44 [orc (1)]
  4277 | D:4      | You fall into a shaft and drop 3 floors!
  4277 | D:7      | Noticed a necrophage
  4277 | D:7      | Found a burning altar of Makhleb.
  4287 | D:7      | Killed a necrophage
  4288 | D:7      | Reached skill level 5 in Dodging
  4448 | D:7      | Reached XP level 7. HP: 33/50 MP: 6/15
  4596 | D:7      | Noticed a yak
  4599 | D:7      | Noticed a yak
  4599 | D:7      | Noticed a yak
  4599 | D:7      | Noticed a yak
  4630 | D:7      | Killed a yak
  4703 | D:7      | HP: 1/51 [yak (4)]
  5076 | D:7      | Reached skill level 5 in Stealth
  5351 | D:6      | Found Gezism's General Store.
  5416 | D:6      | Learned a level 1 spell: Magic Dart
  5632 | D:6      | Reached XP level 8. HP: 11/57 MP: 16/16
  5655 | D:6      | Found Tyzyash's Armour Boutique.
  5733 | D:6      | Found a glowing drain.
  5742 | Sewer    | Entered a sewer
  6151 | Sewer    | Found a white marble altar of Elyvilon.
  6371 | D:6      | HP: 1/58 [gnoll (6)]
  6399 | D:5      | Entered Level 5 of the Dungeon
  6822 | D:5      | Found a glowing golden altar of the Shining One.
  6944 | D:5      | Learned a level 3 spell: Frozen Ramparts
  6947 | D:5      | Learned a level 2 spell: Searing Ray
  7707 | D:5      | Noticed Eustachio
  7714 | D:5      | Killed Eustachio
  7715 | D:5      | Reached XP level 9. HP: 51/65 MP: 18/18
  7789 | D:5      | Found a staircase to the Ecumenical Temple.
  7980 | D:6      | Bought a +0 buckler for 63 gold pieces
  8294 | D:5      | Found a stormy altar of Qazlal.
  8505 | D:5      | Found a broken altar of Ashenzari.
  8719 | D:4      | Identified the +6 scale mail "Seff" {Regen+ Str+4}
  9411 | Temple   | Entered the Ecumenical Temple
  9759 | Temple   | Learned a level 2 spell: Poisonous Vapours
  9869 | D:6      | Noticed Edmund
  9886 | D:5      | Killed Edmund
  9887 | D:5      | Reached skill level 8 in Necromancy
 10287 | D:6      | Found Alaps's Antique Weapon Shoppe.
 10300 | D:6      | Bought a pitted spear for 176 gold pieces
 10300 | D:6      | Identified the +5 spear "Jiloanue" {venom, +Rage rF+ Will+}
                  | (You bought it in a shop on level 6 of the Dungeon)
 10347 | D:6      | Found a bloodstained altar of Trog.
 10602 | D:6      | Found Kipar's Antique Armour Shop.
 11321 | D:7      | Found an opulent altar of Gozag.
 11475 | D:7      | Found a hide-covered altar of Uskayaw.
 11494 | D:7      | Reached skill level 5 in Invocations
 11730 | D:7      | Found a shimmering altar of Xom.
 11730 | D:7      | Found a burning altar of Makhleb.
 11861 | D:7      | Found a stormy altar of Qazlal.
 11861 | D:7      | Found a broken altar of Ashenzari.
 11861 | D:7      | Found a hazy altar of Hepliaklqana.
 12291 | D:7      | Reached XP level 10. HP: 41/73 MP: 9/20
 12540 | D:8      | Noticed Harold
 12549 | D:8      | Noticed Grum
 12914 | D:8      | Reached skill level 5 in Fighting
 12914 | D:8      | Reached skill level 5 in Short Blades
 12914 | D:8      | Reached skill level 5 in Long Blades
 12914 | D:8      | Reached skill level 5 in Axes
 12914 | D:8      | Reached skill level 5 in Maces & Flails
 12914 | D:8      | Reached skill level 5 in Polearms
 12914 | D:8      | Reached skill level 5 in Staves
 12914 | D:8      | Reached skill level 5 in Slings
 12914 | D:8      | Reached skill level 5 in Bows
 12914 | D:8      | Reached skill level 5 in Crossbows
 12914 | D:8      | Reached skill level 5 in Throwing
 12914 | D:8      | Reached skill level 5 in Armour
 12914 | D:8      | Reached skill level 5 in Shields
 12914 | D:8      | Reached skill level 5 in Unarmed Combat
 12914 | D:8      | Reached skill level 5 in Evocations
 13055 | D:9      | Noticed Erolcha
 13120 | D:9      | Mangled by Erolcha

Illustrated notes

Levels and vault maps discovered:
D:1:      mrwooster_arrival_statue, layout_loops_ring,
          chequers_ecumenical_altar_simple_redux
D:2:      layout_basic, corexii_corridor_pit, minmay_snake_closets, uniq_jessica
D:3:      minmay_roachtagon, layout_loops_cross
D:4:      layout_cave_pods, kennysheep_generic_room_16
D:5:      minmay_angry_zag, layout_cave_pods, mainiacjoe_overflow_24_doors,
          mainiacjoe_overflow_catch_the_wave, minmay_temple_entry_antechambers,
          uniq_eustachio
D:6:      layout_basic, trog_hazing_becter, lightli_sewer_entry_pipes,
          serial_shops, nicolae_stop_n_shop_2, shop_fountains,
          nicolae_inconvenience_store, nicolae_shop_stone, uniq_edmund
D:7:      layout_loops_ring, mainiacjoe_overflow_alcove_1,
          makhleb_blood_cavern_becter, doesnt_xom_only_xom
D:8:      minmay_general_purpose_star, layout_basic, hex_large, uniq_harold,
          uniq_erica, uniq_grum
D:9:      layout_basic, lemuel_doored_altar, lair_entry_dummy, uniq_erolcha
Temple:   minmay_temple_forest_path

Skill      XL: |  1  2  3  4  5  6  7  8  9 10 |
---------------+-------------------------------+-----
Spellcasting   | 5 6 7 |  7.2
Invocations    | 1 2 3 4 5 |  5.6
Fighting       | 1 2 3 4 5 |  5.1
Short Blades   | 1 2 3 4 5 |  5.1
Long Blades    | 1 2 3 4 5 |  5.1
Axes           | 1 2 3 4 5 |  5.1
Maces & Flails | 1 2 3 4 5 |  5.1
Polearms       | 1 2 3 4 5 |  5.1
Staves         | 1 2 3 4 5 |  5.1
Slings         | 1 2 3 4 5 |  5.1
Bows           | 1 2 3 4 5 |  5.1
Crossbows      | 1 2 3 4 5 |  5.1
Throwing       | 1 2 3 4 5 |  5.1
Armour         | 1 2 3 4 5 |  5.1
Shields        | 1 2 3 4 5 |  5.1
Unarmed Combat | 1 2 3 4 5 |  5.1
Evocations     | 1 2 3 4 5 |  5.1
Conjurations   | 1 2 3 4 |  4.2
Hexes          | 1 2 3 4 |  4.2
Summonings     | 1 2 3 4 |  4.2
Translocations | 1 2 3 4 |  4.2
Transmutations | 1 2 3 4 |  4.2
Fire Magic     | 1 2 3 4 |  4.2
Ice Magic      | 1 2 3 4 |  4.2
Air Magic      | 1 2 3 4 |  4.2
Earth Magic    | 1 2 3 4 |  4.2
Poison Magic   | 1 2 3 4 |  4.2
Dodging        | 5 6 |  6.9
Stealth        | 5 6 |  6.7
Necromancy     | 8 |  8.3

Action                   |  1- 3 |  4- 6 |  7- 9 | 10-12 || total
-------------------------+-------+-------+-------+-------++-------
Melee: Short sword       |    17 |       |       |       ||    17
       Bite              |     2 |    16 |    68 |     1 ||    87
       Punch             |     1 |     2 |     5 |       ||     8
       Dagger            |    42 |   140 |   583 |       ||   765
       Spear             |       |       |   124 |    50 ||   174
 Cast: Pain              |    39 |    73 |    79 |     3 ||   194
       Vampiric Draining |       |     5 |    51 |    20 ||    76
       Magic Dart        |       |       |     1 |       ||     1
       Call Canine Famil |       |       |     4 |       ||     4
       Searing Ray       |       |       |     1 |       ||     1
Evoke: Wand              |       |       |     5 |       ||     5
  Use: Scroll            |     2 |    11 |     8 |     3 ||    24
       Potion            |     2 |     2 |     9 |     1 ||    14
 Stab: Sleeping          |     8 |    12 |    19 |       ||    39
       Distracted        |       |       |     2 |       ||     2
Armor: Robe              |    24 |    50 |   250 |    13 ||   337
Dodge: Dodged            |    60 |    83 |   485 |    40 ||   668
Block: Buckler           |       |       |    35 |     9 ||    44
